 Dungeon Crawl Stone Soup version 0.26.1-11-gd32895ea62 (webtiles) character file.

Game seed: 15959481112384678058

293 Eitelfritz the Slasher (level 6, -6/52 HPs)
             Began as a Minotaur Gladiator on May 8, 2021.
             Killed by nerve-wracking pain
             ... invoked by an orc priest
              (11 damage)
             ... on level 4 of the Dungeon.
             The game lasted 00:07:28 (3446 turns).

Eitelfritz the Slasher (Minotaur Gladiator)         Turns: 3446, Time: 00:07:28

Health: -6/52      AC:  5    Str: 19    XL:     6   Next: 11%
Magic:  5/5        EV: 12    Int:  7    God:
Gold:   196        SH:  0    Dex: 11    Spells: 5/5 levels left

rFire    . . .     SeeInvis .   a - +1 long sword
rCold    . . .     Faith    .   (no shield)
rNeg     . . .     Spirit   .   x - +0 ring mail
rPois    .         Reflect  .   c - +0 hat
rElec    .         Harm     .   (no cloak)
rCorr    .         Rampage  .   (no gloves)
Will     .....                  (no boots)
Stlth    +.........             i - amulet of regeneration
HPRegen  0.57/turn              (no ring)
MPRegen  0.09/turn              (no ring)

@: no status effects
A: retaliatory headbutt, horns 2
a: no special abilities


You were on level 4 of the Dungeon.
You visited 1 branch of the dungeon, and saw 4 of its levels.

You collected 196 gold pieces.

Inventory:

Hand Weapons
 a - a +1 long sword (weapon)
 b - a +0 flail
Missiles
 d - 3 throwing nets (quivered)
 p - 5 atropa-tipped darts
 u - 2 javelins
 w - 24 poisoned darts
Armour
 c - a +0 hat (worn)
 v - a +0 chain mail
 x - a +0 ring mail (worn)
Jewellery
 i - an amulet of regeneration (around neck)
Scrolls
 g - 3 scrolls of remove curse
Potions
 e - a potion of ambrosia {unknown}
 f - a potion of berserk rage {unknown}
 n - 2 potions of lignification
 o - a potion of attraction
 t - a potion of heal wounds
 z - a potion of degeneration {unknown}


   Skills:
 + Level 3.6 Fighting
 + Level 6.1 Long Blades
 + Level 2.3 Throwing
 + Level 2.5 Armour
 + Level 4.0 Dodging
 + Level 1.2 Stealth


You had 5 spell levels left.
You didn't know any spells.
Your spell library was empty.

Dungeon Overview and Level Annotations

Branches:
Dungeon (4/15)
 Temple: D:4-7

Altars:
Dithmenos
Xom


Innate Abilities, Weirdness & Mutations

You reflexively headbutt those who attack you in melee.
You have a pair of horns on your head.


Message History

The orc priest is severely wounded.
The orc priest hits you with a +0 flail.
You closely miss the orc priest. Your headbutt misses the orc priest.
The orc priest is severely wounded.
The orc priest hits you with a +0 flail!
* * * LOW HITPOINT WARNING * * *
You completely miss the orc priest.
The orc priest is severely wounded.
The orc priest invokes the aid of Beogh against you.
Pain shoots through your body!
* * * LOW HITPOINT WARNING * * *
You barely miss the orc priest.
The orc priest is severely wounded.
The orc priest hits you with a +0 flail.
* * * LOW HITPOINT WARNING * * *
You barely miss the orc priest.
The orc priest is severely wounded.
The orc priest calls down the wrath of Beogh upon you.
Pain shoots through your body!
You die...

### #<# #.# #†# ## # #.#
.#.# #.# ###+# #.#.#
#.#+######..... .... .
#.......##....####.#####..
........#......)@[........
........#....####o........
........#.......+.........
#.......#....#.##.........
#.......#....#.#...<......
#.........>...............
#..........#.#........[...
.......††..#.#######.####.
....##++...#.. .#


You could see an orc priest.

Vanquished Creatures
  2 hounds (D:4)
  2 orc wizards (D:3)
  A worker ant (D:4)
  5 adders
  2 oozes
  5 dart slugs
  A leopard gecko (D:1)
  9 orcs
  2 giant cockroaches
  8 goblins
  6 hobgoblins
  7 jackals
  11 kobolds
  A quokka (D:2)
  A ball python (D:3)
  6 bats
  7 frilled lizards
  3 rats (D:1)
79 creatures vanquished.

Notes
Turn   | Place    | Note
-------+----------+-------------------------------------------
     0 | D:1      | Eitelfritz the Minotaur Gladiator began the quest for the
                  | Orb.
     0 | D:1      | Reached XP level 1. HP: 18/18 MP: 0/0
    87 | D:1      | Reached skill level 4 in Long Blades
   116 | D:1      | Reached XP level 2. HP: 20/25 MP: 1/1
   821 | D:1      | Reached XP level 3. HP: 27/30 MP: 2/2
  1247 | D:2      | Reached skill level 1 in Armour
  1489 | D:2      | Reached XP level 4. HP: 29/37 MP: 3/3
  1715 | D:2      | Found a shimmering altar of Xom.
  1809 | D:2      | Found a shadowy altar of Dithmenos.
  1898 | D:2      | Reached skill level 5 in Long Blades
  2603 | D:3      | Reached skill level 1 in Stealth
  2603 | D:3      | Reached XP level 5. HP: 20/45 MP: 4/4
  3397 | D:4      | Reached skill level 6 in Long Blades
  3404 | D:4      | Reached XP level 6. HP: 47/52 MP: 5/5
  3446 | D:4      | Killed from afar by an orc priest

Illustrated notes

Levels and vault maps discovered:
D:1:      psy_arrival_statuary, layout_basic, chequers_serial_rivers_room_b,
          minmay_split_cup_small
D:2:      layout_loops_corners, marbit_many_paths, grunt_dithmenos_smoke
D:3:      layout_loops_corners
D:4:      layout_basic

Skill      XL: |  1  2  3  4  5 |
---------------+----------------+-----
Long Blades    | 4 5 6 |  6.1
Armour         | 1 2 |  2.5
Fighting       | 3 |  3.6
Stealth        | 1 |  1.2
Dodging        | 4 |  4.0
Throwing       | |  2.3

Action                   |  1- 3 |  4- 6 || total
-------------------------+-------+-------++-------
Melee: Long sword        |    62 |    85 ||   147
       Headbutt          |     9 |    14 ||    23
  Use: Scroll            |       |    12 ||    12
Armor: Leather armour    |    13 |     5 ||    18
       Ring mail         |       |    19 ||    19
Dodge: Dodged            |    55 |    51 ||   106
       Rpst.: Long sword |    17 |    14 ||    31
